 Dungeon Crawl Stone Soup version 0.18.1-8-gdd0e5ea (webtiles) character file.

3295 dvd the Blocker (level 10, -1/60 HPs)
             Began as a Gargoyle Fighter on June 5, 2016.
             Was an Initiate of Qazlal.
             Slain by an orc warrior
             ... wielding a +0 glaive
              (9 damage)
             ... on level 7 of the Dungeon.
             The game lasted 00:25:26 (7344 turns).

dvd the Blocker (Gargoyle Fighter)                  Turns: 7344, Time: 00:25:27

Health: -1/60      AC: 19    Str: 20    XL:     10   Next: 1%
Magic:  19/19      EV: 11    Int:  8    God:    Qazlal [......]
Gold:   271        SH: 13    Dex: 11    Spells: 0 memorised, 9 levels left

rFire  + . .     SeeInvis .     a - +1 flail
rCold  . . .     Gourm    .     K - +1 ring mail {rF+}
rNeg   + . .     Faith    .     c - +0 shield
rPois  ∞         Spirit   .     g - +0 helmet
rElec  +         Dismiss  .     s - +0 cloak
rCorr  .         Reflect  .     (no gloves)
SustAt .         Harm     .     (no boots)
MR     +....     Clarity  +     E - amulet of regeneration
Stlth  +.........               y - ring of magical power
                                m - ring of protection from magic

@: somewhat resistant to hostile enchantments, very unstealthy
A: large bone plates 1, blurry vision 1, clarity, deterioration 1, dopey 1,
negative energy resistance 1, electricity resistance, unbreathing, petrification
resistance, rot immunity, AC +7
a: Renounce Religion


You were on level 7 of the Dungeon.
You worshipped Qazlal.
Qazlal was noncommittal.
You were hungry.

You visited 2 branches of the dungeon, and saw 8 of its levels.
You also visited: Sewer.

You collected 271 gold pieces.

Inventory:

Hand Weapons
 a - a +1 flail (weapon)
 B - a +0 spear of piercing
 J - a +1 hand axe of flaming
Missiles
 q - 9 tomahawks
 H - a tomahawk of returning (quivered)
Armour
 b - a +0 scale mail
 c - a +0 shield (worn)
 g - a +0 helmet (worn)
 s - a +0 cloak (worn)
 K - a +1 ring mail of fire resistance (worn)
Jewellery
 m - a ring of protection from magic (left hand)
 y - a ring of magical power (right hand)
 E - an amulet of regeneration (around neck)
Wands
 u - a wand of teleportation (7/9)
 G - a wand of random effects (9/48)
Scrolls
 e - 6 scrolls of identify
 i - 2 scrolls of fear
 k - a scroll of enchant weapon
 n - 6 scrolls of teleportation
 t - a scroll of fog
Potions
 h - a potion of magic
 l - a potion of resistance {unknown}
 o - 5 potions of curing
 C - 7 potions of flight
 D - a potion of agility
Comestibles
 d - 6 chunks of flesh
 f - 6 bread rations
 j - 2 meat rations
 z - 2 beef jerkies


   Skills:
 + Level 6.2 Fighting
 + Level 0.1(3.6) Axes
 + Level 6.5 Maces & Flails
 + Level 2.8 Throwing
 + Level 7.1 Armour
 + Level 4.5 Dodging
 + Level 0.5 Stealth
 + Level 8.2 Shields
 + Level 0.5 Evocations


You had 9 spell levels left.
You didn't know any spells.

Dungeon Overview and Level Annotations

Branches:
Dungeon (7/15)             Temple (1/1) D:4

Altars:
Ashenzari
Dithmenos
Elyvilon
Fedhas
Gozag
Kikubaaqudgha
Makhleb
Nemelex Xobeh
Okawaru
Pakellas
Qazlal
Ru
Sif Muna
Trog
Vehumet
Xom
Yredelemnul
Zin
The Shining One

Shops:
D:4 *%


Innate Abilities, Weirdness & Mutations

You are resistant to torment.
Your stone body is resilient (AC +7).
You are immune to poison.
You resist negative energy.
You are resistant to electric shocks.
You can survive without breathing.
You are immune to petrification.
You are immune to rotting.
You are partially covered in large bone plates (AC +2, SH +2).
Scrolls take you a little longer to read.
You possess an exceptional clarity of mind.
Your body sometimes deteriorates upon taking damage.
You are dopey. (Int -2)


Message History

The orc warrior is almost dead.
The orc warrior hits you but does no damage.
You hit the orc warrior.
The orc warrior is almost dead.
The orc warrior hits you with a glaive.
You closely miss the orc warrior.
The orc warrior is almost dead.
The orc warrior hits you with a glaive!
* * * LOW HITPOINT WARNING * * *
You hit the orc warrior but do no damage.
The orc warrior is almost dead.
The orc warrior misses you.
You barely miss the orc warrior.
The orc warrior is almost dead.
The orc warrior hits you with a glaive!
* * * LOW HITPOINT WARNING * * *
Unknown command.
Drink which item? (? for menu, Esc to quit)
You feel better. The orc warrior hits you with a glaive!
You die...

#..... ...... +....
........ #...#
#....... #...#
####...... #...#
#.......#
######...###.......#
.........'.........+
.........###...)o..#
.........# #...)@..#
.........# #.......#
.........# #.......#
.........# #...#####
......######...####
......# #.........
......####.........
..................
..............##


You could see an orc warrior.

Vanquished Creatures
  The ghost of Qrupt the Basher, a novice CeFi of Okawaru (D:7)
  Prince Ribbit (D:6)
  The ghost of santipi the Grave Robber, an amateur DsNe (D:4)
  Edmund (D:4)
  A wasp (D:7)
  2 ice beasts
  A sky beast (D:6)
  A necrophage (D:5)
  A phantom (D:4)
  2 ogres
  2 centaurs
  A giant frog (D:7)
  2 howler monkeys
  A centaur zombie (D:6)
  3 crimson imps
  A giant frog skeleton (D:6)
  6 hounds
  2 jellies
  2 orc priests
  4 orc wizards
  A gnoll shaman (D:6)
  An iguana (D:7)
  Natasha (thrice) (D:2)
  A siren (Sewer)
  7 worker ants
  A merfolk avatar (Sewer)
  A hound skeleton (D:6)
  3 gnolls (D:6)
  9 adders
  4 river rats (Sewer)
  A shadow imp (D:5)
  2 oozes (D:1)
  An adder zombie (D:7)
  2 adder skeletons
  3 worms
  2 dart slugs
  4 giant geckos
  19 orcs
  9 bats
  13 giant cockroaches
  16 hobgoblins
  4 jackals (D:5)
  7 kobolds
  4 quokkas
  10 ball pythons
  A giant gecko skeleton (D:4)
  A giant gecko zombie (D:5)
  9 giant newts
  6 goblins
  2 goblin zombies (D:4)
  3 hobgoblin zombies (D:4)
  2 orc zombies (D:4)
  31 rats
219 creatures vanquished.

Notes
Turn   | Place    | Note
--------------------------------------------------------------
     0 | D:1      | dvd the Gargoyle Fighter began the quest for the Orb.
     0 | D:1      | Reached XP level 1. HP: 14/14 MP: 1/1
    60 | D:1      | Reached XP level 2. HP: 18/19 MP: 2/2
   119 | D:1      | Reached XP level 3. HP: 21/23 MP: 3/3
   812 | D:2      | Reached skill level 4 in Shields
   812 | D:2      | Reached XP level 4. HP: 16/29 MP: 4/4
  1025 | D:2      | Reached skill level 1 in Dodging
  1082 | D:2      | Noticed Natasha
  1101 | D:2      | Killed Natasha
  1231 | D:2      | Found a white marble altar of Elyvilon.
  1232 | D:2      | Found an iron altar of Okawaru.
  1236 | D:2      | Found a shimmering altar of Xom.
  1293 | D:2      | Noticed Natasha
  1302 | D:2      | Killed Natasha
  1302 | D:2      | Reached XP level 5. HP: 24/33 MP: 5/5
  1591 | D:2      | Noticed Natasha
  1822 | D:2      | Killed Natasha
  2317 | D:3      | Noticed an ogre
  2333 | D:3      | Found an oddly glowing altar of Pakellas.
  2681 | D:3      | Killed an ogre
  2681 | D:3      | Reached XP level 6. HP: 19/38 MP: 6/6
  2905 | D:4      | Noticed a phantom
  2932 | D:4      | Found Nokkif's General Store.
  2960 | D:4      | Killed a phantom
  2960 | D:4      | Reached skill level 5 in Shields
  2995 | D:4      | Found a glowing drain.
  3017 | Sewer    | Entered a sewer
  3108 | Sewer    | Reached XP level 7. HP: 43/43 MP: 7/7
  3539 | D:4      | Found Ybunaf's Food Shoppe.
  3552 | D:4      | Noticed santipi's ghost (amateur DsNe)
  3585 | D:4      | Killed santipi's ghost
  3585 | D:4      | Reached skill level 5 in Armour
  3907 | D:4      | Noticed Edmund
  4005 | D:4      | Found a staircase to the Ecumenical Temple.
  4035 | D:4      | Killed Edmund
  4035 | D:4      | Reached XP level 8. HP: 45/48 MP: 8/8
  4085 | Temple   | Entered the Ecumenical Temple
  4312 | D:4      | Found a glowing golden altar of the Shining One.
  4409 | D:4      | Reached skill level 6 in Shields
  4483 | D:4      | Reached skill level 5 in Fighting
  4677 | D:4      | Reached skill level 5 in Maces & Flails
  4852 | D:5      | Entered Level 5 of the Dungeon
  5025 | D:5      | Reached skill level 1 in Throwing
  5120 | D:5      | Found a stormy altar of Qazlal.
  5123 | D:5      | Became a worshipper of Qazlal Stormbringer
  5282 | D:5      | Found a burning altar of Makhleb.
  5979 | D:6      | Found a sacrificial altar of Ru.
  5993 | D:6      | Reached XP level 9. HP: 54/54 MP: 9/9
  6027 | D:6      | Noticed Prince Ribbit
  6146 | D:6      | Found a sacrificial altar of Ru.
  6429 | D:6      | Reached skill level 7 in Shields
  6883 | D:6      | Killed Prince Ribbit
  6914 | D:6      | Gained mutation: Your body sometimes deteriorates upon taking damage. [potion of mutation]
  6914 | D:6      | Gained mutation: Your spells are a little easier to cast, but a little less powerful. [potion of mutation]
  6914 | D:6      | Gained mutation: You are partially covered in large bone plates (AC +2, SH +2). [potion of mutation]
  6968 | D:6      | Gained mutation: Scrolls take you a little longer to read. [potion of mutation]
  6968 | D:6      | Gained mutation: You are dopey. (Int -2) [potion of mutation]
  6968 | D:6      | Gained mutation: You possess an exceptional clarity of mind. [potion of mutation]
  6969 | D:6      | Lost mutation: Your spells are a little easier to cast, but a little less powerful. [potion of mutation]
  7076 | D:7      | Noticed Qrupt's ghost (novice CeFi)
  7179 | D:7      | Killed Qrupt's ghost
  7179 | D:7      | Reached skill level 8 in Shields
  7274 | D:7      | Reached XP level 10. HP: 60/60 MP: 10/10
  7343 | D:7      | HP: 2/60 [orc warrior/glaive (16)]
  7344 | D:7      | Slain by an orc warrior

Skill      XL: |  1  2  3  4  5  6  7  8  9 |
---------------+----------------------------+-----
Shields        | 4 5 6 8 |  8.2
Dodging        | 1 2 3 4 |  4.5
Armour         | 4 5 6 7 |  7.1
Fighting       | 4 5 6 |  6.2
Maces & Flails | 3 4 5 6 |  6.5
Throwing       | 1 2 |  2.8
Axes           | |  0.1
Stealth        | |  0.5
Evocations     | |  0.5

Action                   |  1- 3 |  4- 6 |  7- 9 | 10-12 || total
-------------------------+-------+-------+-------+-------++-------
Melee: Flail             |   122 |   217 |   652 |    12 ||  1003
       Hand axe          |       |       |    36 |    18 ||    54
Throw: Tomahawk          |       |       |    52 |       ||    52
Evoke: Wand              |       |       |     8 |       ||     8
  Use: Potion            |       |     1 |    11 |     1 ||    13
       Scroll            |       |       |    10 |       ||    10
 Stab: Paralysed         |       |       |     1 |       ||     1
  Eat: Chunk             |       |     8 |    14 |       ||    22
       Pizza             |       |       |     1 |       ||     1
Armor: Scale mail        |    79 |   117 |    36 |       ||   232
       Chain mail        |       |       |   226 |       ||   226
       Ring mail         |       |       |    77 |     4 ||    81
Dodge: Dodged            |    31 |    62 |   196 |    10 ||   299
Block: Shield            |    83 |   104 |   374 |    16 ||   577
